WCHLSIM.com - West Coast Hockey League
html PUBLIC "-//W3C//DTD XHTML 1.0 Transitional//EN" "http://www.w3.org/TR/xhtml1/DTD/xhtml1-transitional.dtd"> WCHL - Game 251 - SEATTLE GRUNGE vs SAN FRANCISCO SPIDERS

SEATTLE GRUNGE vs SAN FRANCISCO SPIDERS

Created - 17 novembre 2022 at 22:51

Goals
1 2 3 T
SEATTLE GRUNGE 1 2 0 3
SAN FRANCISCO SPIDERS 3 2 0 5
Shots
1 2 3 T
SEATTLE GRUNGE 15 15 4 34
SAN FRANCISCO SPIDERS 13 13 15 41

1st period

1. SAN FRANCISCO SPIDERS , Bo Horvat 7 (Andrei Svechnikov 7, Mark Stone 8) at 3:26
2. SAN FRANCISCO SPIDERS , Mark Stone 4 (Andrei Svechnikov 8, Bo Horvat 8) at 4:23
3. SAN FRANCISCO SPIDERS , Mark Stone 5 (Andrei Svechnikov 9, Bo Horvat 9) at 7:13
4. SEATTLE GRUNGE , David Savard 2 (Garnet Hathaway 11, Roman Josi 9) at 13:33

Penalties :
David Savard (SEA) for Holding (Minor) at 8:07, Milan Lucic (SEA) for Hooking (Minor) at 15:20, Zach Hyman (SAF) for Hooking (Minor) at 18:22

2nd period

5. SEATTLE GRUNGE , T.J. Tynan 2 (Milan Lucic 1, Warren Foegele 1) at 6:00
6. SAN FRANCISCO SPIDERS , Mark Stone 6 (Andrei Svechnikov 10, Erik Gudbranson 3) at 14:16
7. SAN FRANCISCO SPIDERS , Trevor Moore 7 (Jared McCann 6, Sean Durzi 4) at 14:50
8. SEATTLE GRUNGE , T.J. Tynan 3 (Warren Foegele 2, Milan Lucic 2) at 19:41

Penalties :
Sean Walker (SAF) for Diving (Minor) at 3:23

3rd period

No Goal

Penalties :
Andrei Svechnikov (SAF) for Tripping (Minor) at 3:21, Riley Sheahan (SEA) for Tripping (Minor) at 10:15, Trevor Moore (SAF) for Boarding (Minor) at 15:03, Nicolas Meloche (SEA) for Elbowing (Minor) at 18:10

Goalie Stats

Semyon Varlamov (SEA), 15 saves from 16 shots - (0,938), 25:44 minutes
Devan Dubnyk (SEA), 21 saves from 25 shots - (0,840), L, 0-2-0, 34:16 minutes
Malcolm Subban (SAF), 31 saves from 34 shots - (0,912), W, 2-2-0, 60:00 minutes

Players Stats for SEATTLE GRUNGE

Player Name              G  A  P  +/- PIM S  H  SB GA TA FO     MP     PP MP  PK MP  
------------------------------------------------------------------------------------
Carl Hagelin             0  0  0  -1  0   0  1  0  0  0  0/1    15:40   4:07   0:00 
Danny DeKeyser           0  0  0  -3  0   1  1  2  0  0  0/0    20:12   2:57   3:16 
David Savard             1  0  1   1  2   2  3  1  0  0  0/0    24:20   4:04   3:19 
Garnet Hathaway          0  1  1   0  0   2  2  0  0  0  0/1    19:19   3:49   3:23 
Jakub Vrana              0  0  0   0  0   3  0  0  0  0  1/2    18:45   3:49   2:49 
Kyle Palmieri            0  0  0  -3  0   2  0  0  0  0  0/0    13:49   0:00   0:00 
Milan Lucic              0  2  2   2  2   1  0  0  0  0  0/2     9:29   0:55   1:46 
Morgan Geekie            0  0  0  -1  0   0  4  0  0  0  0/0    11:33   0:00   0:00 
Nicolas Meloche          0  0  0   0  2   1  5  1  0  0  0/0    15:14   0:55   0:59 
Nikita Zaitsev           0  0  0  -3  0   2  2  1  0  0  0/0    20:12   2:57   3:16 
Rem Pitlick              0  0  0   0  0   1  0  0  0  0  14/20  15:56   3:49   0:00 
Riley Sheahan            0  0  0  -1  2   1  1  0  0  0  5/9    11:32   0:00   0:00 
Roman Josi               0  1  1   1  0   7  3  3  0  0  0/0    24:19   4:04   4:12 
T.J. Tynan               2  0  2   2  0   2  0  0  0  0  0/0     7:44   0:55   0:00 
Tomas Tatar              0  0  0  -3  0   4  0  0  0  0  0/4    19:45   3:12   2:44 
Travis Sanheim           0  0  0   0  0   1  0  0  0  0  0/0    15:29   0:55   0:18 
Tyler Seguin             0  0  0  -3  0   3  1  0  0  0  15/34  22:03   3:12   5:02 
Warren Foegele           0  2  2   2  0   1  0  0  0  0  2/4     6:49   0:00   0:00 

Players Stats for SAN FRANCISCO SPIDERS

Player Name              G  A  P  +/- PIM S  H  SB GA TA FO     MP     PP MP  PK MP  
------------------------------------------------------------------------------------
Adam Larsson             0  0  0  -1  0   1  0  2  0  0  0/0    17:00   4:13   4:39 
Alexander Kerfoot        0  0  0   0  0   1  2  0  0  0  0/1    15:55   0:39   0:00 
Andrei Svechnikov        0  4  4   4  2   2  2  1  0  0  5/12   20:35   3:25   3:04 
Bo Horvat                1  2  3   4  0   5  1  0  0  0  16/19  22:56   4:21   4:28 
Brenden Dillon           0  0  0   2  0   2  2  3  0  0  0/0    21:11   3:36   3:17 
Eeli Tolvanen            0  0  0  -1  0   0  0  0  0  0  0/0     5:12   0:00   0:00 
Erik Gudbranson          0  1  1   1  0   1  0  2  0  0  0/0    26:01   3:34   3:17 
Jared McCann             0  1  1  -1  0   6  0  0  0  0  4/10   13:25   3:42   0:00 
Kirby Dach               0  0  0  -1  0   3  1  0  0  0  2/7    12:19   0:00   2:36 
Mark Stone               3  1  4   4  0   9  0  1  0  0  0/0    21:48   4:21   3:20 
Michael Anderson         0  0  0  -1  0   1  4  1  0  0  0/0    15:52   0:36   4:39 
Sean Durzi               0  1  1   1  0   0  2  0  0  0  0/0    18:59   3:33   0:00 
Sean Walker              0  0  0   2  2   0  0  2  0  0  0/0    20:56   0:00   0:00 
Trent Frederic           0  0  0  -1  0   0  1  0  0  0  0/5     5:12   0:00   0:00 
Trevor Moore             1  0  1  -1  2   3  1  0  0  0  1/1    13:07   3:25   0:00 
Viktor Arvidsson         0  0  0   0  0   1  0  1  0  0  0/2    15:16   0:00   0:00 
Zach Hyman               0  0  0   0  2   4  1  0  0  0  12/20  21:04   3:25   2:24 
Zack Kassian             0  0  0  -1  0   2  1  0  0  0  0/0     5:12   0:00   0:00 

3 Stars

1 - Mark Stone (SAF)
2 - Bo Horvat (SAF)
3 - Andrei Svechnikov (SAF)

Power Play

SEATTLE GRUNGE - 0 on 4 Attempt(s) - 0,00%
SAN FRANCISCO SPIDERS - 0 on 4 Attempt(s) - 0,00%

Penalty Kill

SEATTLE GRUNGE - 4 on 4 Attempt(s) - 100,00% - Score 0 goal in Penalty Kill
SAN FRANCISCO SPIDERS - 4 on 4 Attempt(s) - 100,00% - Score 0 goal in Penalty Kill

Team Stat

SEATTLE GRUNGE - Hits : 23 - Faceoff Wins : 37 - Blocked Shots : 8 - Penalty Minutes : 8
SAN FRANCISCO SPIDERS - Hits : 18 - Faceoff Wins : 40 - Blocked Shots : 13 - Penalty Minutes : 8

Official

Referees : Jake Brenk and Dan O'Rourke
Linesman : Brian Murphy and Brad Kovachik

Game Notes

Mark Stone has scored a Hat Trick!
Semyon Varlamov enters game at 14:16 of 2nd period

Finance

Level 1 -- Attendance: 5926 (97,07%) -- Ticket Income 888 900 $
Level 2 -- Attendance: 4732 (91,35%) -- Ticket Income 473 200 $
Level 3 -- Attendance: 2035 (100,00%) -- Ticket Income 162 800 $
Level 4 -- Attendance: 3961 (94,76%) -- Ticket Income 237 660 $
Luxury Box -- Attendance: 786 (78,60%) -- Ticket Income 235 800 $
Game was played at the Bay Area Sports Center.
Total Attendance: 17440 (94,27%)
Total Ticket Income: 1 998 360 $
Other Expense: 19 984 $
Total Income: 1 978 376 $

SEATTLE GRUNGE

5 vs 5 Forward 
   Center                   Left Wing                Right Wing               Time % Phy DF OF 
 1 Tyler Seguin             Tomas Tatar              Kyle Palmieri            36     1   2  2  
 2 Rem Pitlick              Jakub Vrana              Garnet Hathaway          31     1   2  2  
 3 Riley Sheahan            Carl Hagelin             Morgan Geekie            23     1   2  2  
 4 Warren Foegele           Milan Lucic              T.J. Tynan               10     1   2  2  

5 vs 5 Defense 
   Defense                  Defense                                           Time % Phy DF OF 
 1 Roman Josi               David Savard                                      36     1   2  2  
 2 Nikita Zaitsev           Danny DeKeyser                                    31     1   2  2  
 3 Nicolas Meloche          Travis Sanheim                                    23     1   2  2  
 4 Roman Josi               David Savard                                      10     1   2  2  

PowerPlay Forward 
   Center                   Left Wing                Right Wing               Time % Phy DF OF 
 1 Tyler Seguin             Tomas Tatar              Carl Hagelin             55     1   2  2  
 2 Rem Pitlick              Jakub Vrana              Garnet Hathaway          45     1   2  2  

PowerPlay Defense
   Defense                  Defense                                           Time % Phy DF OF 
 1 Roman Josi               David Savard                                      55     1   2  2  
 2 Nikita Zaitsev           Danny DeKeyser                                    45     1   2  2  

Penalty Kill 4 Players Forward 
   Center                   Wing                     Time % Phy DF OF 
 1 Tyler Seguin             Garnet Hathaway          55     1   2  2  
 2 Tomas Tatar              Jakub Vrana              45     1   2  2  

Penalty Kill 4 Players Defense
   Defense                  Defense                  Time % Phy DF OF 
 1 Roman Josi               David Savard             55     1   2  2  
 2 Nikita Zaitsev           Danny DeKeyser           45     1   2  2  

Penalty Kill - 3 Players Forward 
   Forward                                           Time % Phy DF OF 
 1 Tyler Seguin                                      55     1   2  2  
 2 Tomas Tatar                                       45     1   2  2  

Penalty Kill - 3 Players Defense
   Defense                  Defense                  Time % Phy DF OF 
 1 Roman Josi               David Savard             55     1   2  2  
 2 Nikita Zaitsev           Danny DeKeyser           45     1   2  2  

4 vs 4 Forward 
   Center                   Wing                     Time % Phy DF OF 
 1 Tyler Seguin             Milan Lucic              55     1   2  2  
 2 Tomas Tatar              Jakub Vrana              45     1   2  2  

4 vs 4 Defense
   Defense                  Defense                  Time % Phy DF OF 
 1 Roman Josi               David Savard             55     1   2  2  
 2 Nikita Zaitsev           Danny DeKeyser           45     1   2  2  

Last Minutes Offensive
   Center                   Left Wing                Right Wing               Defense                  Defense                  
   Tyler Seguin             Tomas Tatar              Kyle Palmieri            Roman Josi               David Savard             

Last Minutes Defensive
   Center                   Left Wing                Right Wing               Defense                  Defense                  
   Tyler Seguin             Tomas Tatar              Kyle Palmieri            Roman Josi               David Savard             

Goaltenders
Starting : Devan Dubnyk             
Backup : Semyon Varlamov          

Extra Forwards
Normal : T.J. Tynan, Carl Hagelin, Milan Lucic - PP : T.J. Tynan, Carl Hagelin - PK : Milan Lucic
Extra Defensemen
Normal : Nicolas Meloche, Roman Josi, Nikita Zaitsev - PP : Nicolas Meloche - PK : David Savard, Nikita Zaitsev
Penalty Shots
Tyler Seguin, T.J. Tynan, Tomas Tatar, Jakub Vrana, Garnet Hathaway
Custom OT Lines Forwards
Tyler Seguin, T.J. Tynan, Tomas Tatar, Jakub Vrana, Garnet Hathaway, Carl Hagelin, Milan Lucic, Rem Pitlick, Riley Sheahan, Warren Foegele
Custom OT Lines Defensemen
Roman Josi, David Savard, Nikita Zaitsev, Danny DeKeyser, Nicolas Meloche

Scratches
Wayne Simmonds (Healthy), Nick Seeler (Healthy)

SAN FRANCISCO SPIDERS

5 vs 5 Forward 
   Center                   Left Wing                Right Wing               Time % Phy DF OF 
 1 Bo Horvat                Andrei Svechnikov        Mark Stone               35     0   2  3  
 2 Zach Hyman               Alexander Kerfoot        Viktor Arvidsson         35     0   2  3  
 3 Jared McCann             Kirby Dach               Trevor Moore             25     0   3  2  
 4 Trent Frederic           Eeli Tolvanen            Zack Kassian             5      1   4  0  

5 vs 5 Defense 
   Defense                  Defense                                           Time % Phy DF OF 
 1 Sean Walker              Brenden Dillon                                    40     0   4  1  
 2 Erik Gudbranson          Sean Durzi                                        40     0   4  1  
 3 Michael Anderson         Sean Walker                                       20     0   5  0  
 4 Adam Larsson             Erik Gudbranson                                   0      0   4  1  

PowerPlay Forward 
   Center                   Left Wing                Right Wing               Time % Phy DF OF 
 1 Bo Horvat                Jared McCann             Mark Stone               50     0   1  4  
 2 Zach Hyman               Andrei Svechnikov        Trevor Moore             50     0   1  4  

PowerPlay Defense
   Defense                  Defense                                           Time % Phy DF OF 
 1 Erik Gudbranson          Adam Larsson                                      50     0   3  2  
 2 Brenden Dillon           Sean Durzi                                        50     0   3  2  

Penalty Kill 4 Players Forward 
   Center                   Wing                     Time % Phy DF OF 
 1 Zach Hyman               Mark Stone               50     0   5  0  
 2 Andrei Svechnikov        Bo Horvat                50     0   5  0  

Penalty Kill 4 Players Defense
   Defense                  Defense                  Time % Phy DF OF 
 1 Michael Anderson         Adam Larsson             50     0   5  0  
 2 Brenden Dillon           Erik Gudbranson          50     0   5  0  

Penalty Kill - 3 Players Forward 
   Forward                                           Time % Phy DF OF 
 1 Mark Stone                                        55     0   5  0  
 2 Bo Horvat                                         45     0   5  0  

Penalty Kill - 3 Players Defense
   Defense                  Defense                  Time % Phy DF OF 
 1 Michael Anderson         Adam Larsson             50     0   5  0  
 2 Brenden Dillon           Erik Gudbranson          50     0   5  0  

4 vs 4 Forward 
   Center                   Wing                     Time % Phy DF OF 
 1 Jared McCann             Mark Stone               55     0   2  3  
 2 Andrei Svechnikov        Bo Horvat                45     0   2  3  

4 vs 4 Defense
   Defense                  Defense                  Time % Phy DF OF 
 1 Michael Anderson         Adam Larsson             55     0   4  1  
 2 Brenden Dillon           Erik Gudbranson          45     0   4  1  

Last Minutes Offensive
   Center                   Left Wing                Right Wing               Defense                  Defense                  
   Bo Horvat                Viktor Arvidsson         Mark Stone               Sean Walker              Adam Larsson             

Last Minutes Defensive
   Center                   Left Wing                Right Wing               Defense                  Defense                  
   Bo Horvat                Viktor Arvidsson         Mark Stone               Sean Walker              Adam Larsson             

Goaltenders
Starting : Malcolm Subban           
Backup : Igor Shesterkin          

Extra Forwards
Normal : Jared McCann, Alexander Kerfoot, Kirby Dach - PP : Jared McCann, Alexander Kerfoot - PK : Kirby Dach
Extra Defensemen
Normal : Adam Larsson, Sean Durzi, Brenden Dillon - PP : Michael Anderson - PK : Adam Larsson, Brenden Dillon
Penalty Shots
Mark Stone, Viktor Arvidsson, Andrei Svechnikov, Bo Horvat, Zach Hyman
Custom OT Lines Forwards
Mark Stone, Viktor Arvidsson, Andrei Svechnikov, Bo Horvat, Zach Hyman, Trevor Moore, Jared McCann, Alexander Kerfoot, Kirby Dach, Eeli Tolvanen
Custom OT Lines Defensemen
Sean Durzi, Adam Larsson, Brenden Dillon, Erik Gudbranson, Michael Anderson

Scratches
Darnell Nurse (Fractured Right Foot Injury)

% Time on Ice - SEATTLE GRUNGE

Lines # - Real PCT - Wanted PCT - Time Play
Normal Forward
1 - 31% - 36% - 13:49
2 - 27% - 31% - 12:07
3 - 26% - 23% - 11:33
4 - 15% - 10% - 6:49
Normal Defense
1 - 35% - 36% - 15:35
2 - 32% - 31% - 13:59
3 - 30% - 23% - 13:21
4 - 3% - 10% - 1:23
PP Forward
1 - 52% - 55% - 4:07
2 - 48% - 45% - 3:49
PP Defense
1 - 51% - 55% - 4:04
2 - 49% - 45% - 3:52
PK Forward
1 - 65% - 55% - 5:02
2 - 35% - 45% - 2:44
PK Defense
1 - 58% - 55% - 4:30
2 - 42% - 45% - 3:16
PK3 Forward
1 - 0% - 55%
2 - 0% - 45%
PK3 Defense
1 - 0% - 55%
2 - 0% - 45%
44 Forward
1 - 0% - 55%
2 - 0% - 45%
44 Defense
1 - 0% - 55%
2 - 0% - 45%
Last Minute Offensive  - 0:00
Last Minute Defensive  - 0:00
Total
Forward - 60:00
Defense - 60:00

% Time on Ice - SAN FRANCISCO SPIDERS

Lines # - Real PCT - Wanted PCT - Time Play
Normal Forward
1 - 32% - 35% - 14:07
2 - 34% - 35% - 15:16
3 - 22% - 25% - 9:43
4 - 12% - 5% - 5:12
Normal Defense
1 - 32% - 40% - 14:18
2 - 32% - 40% - 14:17
3 - 21% - 20% - 9:14
4 - 15% - 0% - 6:29
PP Forward
1 - 56% - 50% - 4:21
2 - 44% - 50% - 3:25
PP Defense
1 - 54% - 50% - 4:13
2 - 46% - 50% - 3:33
PK Forward
1 - 44% - 50% - 3:28
2 - 56% - 50% - 4:28
PK Defense
1 - 59% - 50% - 4:39
2 - 41% - 50% - 3:17
PK3 Forward
1 - 0% - 55%
2 - 0% - 45%
PK3 Defense
1 - 0% - 50%
2 - 0% - 50%
44 Forward
1 - 0% - 55%
2 - 0% - 45%
44 Defense
1 - 0% - 55%
2 - 0% - 45%
Last Minute Offensive  - 0:00
Last Minute Defensive  - 0:00
Total
Forward - 60:00
Defense - 60:00

Play-by-Play

1st period


0:01 of 1st period - Bo Horvat wins face-off versus Tomas Tatar in neutral zone.
0:15 of 1st period - Bo Horvat is hit by Roman Josi and loses puck.
1:12 of 1st period - Shot by Zach Hyman.
1:12 of 1st period - Stopped by Devan Dubnyk without a rebound.
1:13 of 1st period - Jared McCann wins face-off versus Rem Pitlick in SEATTLE GRUNGE zone.
1:18 of 1st period - Shot by Jared McCann.
1:18 of 1st period - Stopped by Devan Dubnyk with a rebound.
1:26 of 1st period - Shot by Jakub Vrana.
1:26 of 1st period - Shot Misses the Net.
1:28 of 1st period - Shot by Garnet Hathaway.
1:28 of 1st period - Shot Misses the Net.
1:30 of 1st period - Shot by Danny DeKeyser.
1:30 of 1st period - Stopped by Malcolm Subban without a rebound.
1:31 of 1st period - Riley Sheahan wins face-off versus Zach Hyman in SAN FRANCISCO SPIDERS zone.
1:31 of 1st period - Riley Sheahan is hit by Michael Anderson.
1:56 of 1st period - Viktor Arvidsson is hit by Morgan Geekie.
2:23 of 1st period - Icing by Morgan Geekie.
2:24 of 1st period - Jared McCann wins face-off versus Riley Sheahan in SEATTLE GRUNGE zone.
2:27 of 1st period - Shot by Kirby Dach.
2:27 of 1st period - Deflect By Jared McCann.
2:27 of 1st period - Stopped by Devan Dubnyk with a rebound.
3:26 of 1st period - Shot by Bo Horvat.
3:26 of 1st period - Goal by Bo Horvat - SEATTLE GRUNGE : 0 - SAN FRANCISCO SPIDERS : 1.
3:27 of 1st period - Warren Foegele wins face-off versus Trent Frederic in neutral zone.
3:37 of 1st period - Shot by Zack Kassian.
3:37 of 1st period - Stopped by Devan Dubnyk with a rebound.
4:03 of 1st period - Shot by Warren Foegele.
4:03 of 1st period - Shot Blocked by Michael Anderson.
4:05 of 1st period - Shot by David Savard.
4:05 of 1st period - Shot Blocked by Sean Walker.
4:07 of 1st period - Shot by Milan Lucic.
4:07 of 1st period - Stopped by Malcolm Subban without a rebound.
4:08 of 1st period - Bo Horvat wins face-off versus Tyler Seguin in SAN FRANCISCO SPIDERS zone.
4:23 of 1st period - Shot by Mark Stone.
4:23 of 1st period - Goal by Mark Stone - SEATTLE GRUNGE : 0 - SAN FRANCISCO SPIDERS : 2.
4:24 of 1st period - Rem Pitlick wins face-off versus Zach Hyman in neutral zone.
4:34 of 1st period - Shot by Rem Pitlick.
4:34 of 1st period - Shot Blocked by Adam Larsson.
4:36 of 1st period - Shot by Travis Sanheim.
4:36 of 1st period - Stopped by Malcolm Subban with a rebound.
5:54 of 1st period - Shot by Tyler Seguin.
5:54 of 1st period - Shot Misses the Net.
6:01 of 1st period - Icing by Erik Gudbranson.
6:02 of 1st period - Zach Hyman wins face-off versus Riley Sheahan in SAN FRANCISCO SPIDERS zone.
6:55 of 1st period - Shot by Bo Horvat.
6:55 of 1st period - Shot Misses the Net.
6:57 of 1st period - Shot by Sean Walker.
6:57 of 1st period - Shot Misses the Net.
7:07 of 1st period - Shot by Andrei Svechnikov.
7:07 of 1st period - Shot Misses the Net.
7:11 of 1st period - Shot by Andrei Svechnikov.
7:11 of 1st period - Shot Misses the Net.
7:13 of 1st period - Shot by Mark Stone.
7:13 of 1st period - Goal by Mark Stone - SEATTLE GRUNGE : 0 - SAN FRANCISCO SPIDERS : 3.
7:14 of 1st period - Rem Pitlick wins face-off versus Jared McCann in neutral zone.
8:07 of 1st period - Minor Penalty to David Savard for Holding.
8:08 of 1st period - Bo Horvat wins face-off versus Tyler Seguin in SEATTLE GRUNGE zone.
8:11 of 1st period - Shot by Mark Stone.
8:11 of 1st period - Shot Misses the Net.
8:13 of 1st period - Shot by Brenden Dillon.
8:13 of 1st period - Stopped by Devan Dubnyk with a rebound.
8:15 of 1st period - Shot by Jared McCann.
8:15 of 1st period - Stopped by Devan Dubnyk with a rebound.
8:17 of 1st period - Shot by Bo Horvat.
8:17 of 1st period - Shot Misses the Net.
9:42 of 1st period - Bo Horvat is hit by Garnet Hathaway and loses puck.
10:24 of 1st period - Zack Kassian is hit by Morgan Geekie and loses puck.
10:56 of 1st period - Sean Durzi is hit by Riley Sheahan and loses puck.
11:11 of 1st period - Shot by T.J. Tynan.
11:11 of 1st period - Shot Blocked by Erik Gudbranson.
11:13 of 1st period - Shot by Warren Foegele.
11:13 of 1st period - Stopped by Malcolm Subban with a rebound.
11:15 of 1st period - Shot by Nikita Zaitsev.
11:15 of 1st period - Shot Misses the Net.
11:46 of 1st period - T.J. Tynan is hit by Bo Horvat and loses puck.
12:32 of 1st period - Off-side.
12:33 of 1st period - Zach Hyman wins face-off versus Tomas Tatar in neutral zone.
12:35 of 1st period - Viktor Arvidsson is hit by Nicolas Meloche and loses puck.
12:58 of 1st period - Nicolas Meloche is hit by Zach Hyman and loses puck.
13:13 of 1st period - Shot by Viktor Arvidsson.
13:13 of 1st period - Stopped by Devan Dubnyk without a rebound.
13:14 of 1st period - Rem Pitlick wins face-off versus Trent Frederic in SEATTLE GRUNGE zone.
13:14 of 1st period - Rem Pitlick is hit by Zack Kassian.
13:29 of 1st period - Shot by Garnet Hathaway.
13:29 of 1st period - Shot Misses the Net.
13:31 of 1st period - Shot by Garnet Hathaway.
13:31 of 1st period - Shot Misses the Net.
13:33 of 1st period - Shot by David Savard.
13:33 of 1st period - Goal by David Savard - SEATTLE GRUNGE : 1 - SAN FRANCISCO SPIDERS : 3.
13:34 of 1st period - Bo Horvat wins face-off versus Riley Sheahan in neutral zone.
13:41 of 1st period - Shot by Andrei Svechnikov.
13:41 of 1st period - Deflect By Mark Stone.
13:41 of 1st period - Shot Misses the Net.
13:57 of 1st period - Shot by Bo Horvat.
13:57 of 1st period - Stopped by Devan Dubnyk with a rebound.
14:25 of 1st period - Shot by Tomas Tatar.
14:25 of 1st period - Shot Misses the Net.
15:07 of 1st period - Icing by Zach Hyman.
15:08 of 1st period - Rem Pitlick wins face-off versus Zach Hyman in SAN FRANCISCO SPIDERS zone.
15:11 of 1st period - Shot by Jakub Vrana.
15:11 of 1st period - Shot Misses the Net.
15:13 of 1st period - Shot by Jakub Vrana.
15:13 of 1st period - Stopped by Malcolm Subban with a rebound.
15:15 of 1st period - Shot by Jakub Vrana.
15:15 of 1st period - Shot Misses the Net.
15:19 of 1st period - Shot by Garnet Hathaway.
15:19 of 1st period - Stopped by Malcolm Subban without a rebound.
15:20 of 1st period - Jared McCann wins face-off versus Milan Lucic in SAN FRANCISCO SPIDERS zone.
15:20 of 1st period - Minor Penalty to Milan Lucic for Hooking.
15:21 of 1st period - Zach Hyman wins face-off versus Tyler Seguin in SEATTLE GRUNGE zone.
15:21 of 1st period - Trevor Moore is hit by David Savard and loses puck.
15:38 of 1st period - Icing by Zach Hyman.
15:39 of 1st period - Tyler Seguin wins face-off versus Zach Hyman in SAN FRANCISCO SPIDERS zone.
15:54 of 1st period - Shot by Andrei Svechnikov.
15:54 of 1st period - Shot Misses the Net.
15:56 of 1st period - Shot by Adam Larsson.
15:56 of 1st period - Stopped by Devan Dubnyk without a rebound.
15:57 of 1st period - Bo Horvat wins face-off versus Tyler Seguin in SEATTLE GRUNGE zone.
16:23 of 1st period - Shot by Jakub Vrana.
16:23 of 1st period - Stopped by Malcolm Subban without a rebound.
16:24 of 1st period - Tyler Seguin wins face-off versus Zach Hyman in SAN FRANCISCO SPIDERS zone.
16:53 of 1st period - Shot by Andrei Svechnikov.
16:53 of 1st period - Shot Misses the Net.
16:55 of 1st period - Shot by Zach Hyman.
16:55 of 1st period - Shot Misses the Net.
16:57 of 1st period - Shot by Brenden Dillon.
16:57 of 1st period - Stopped by Devan Dubnyk without a rebound.
16:58 of 1st period - Bo Horvat wins face-off versus Jakub Vrana in SEATTLE GRUNGE zone.
17:36 of 1st period - Icing by Carl Hagelin.
17:37 of 1st period - Riley Sheahan wins face-off versus Zach Hyman in SEATTLE GRUNGE zone.
17:37 of 1st period - Riley Sheahan is hit by Alexander Kerfoot.
18:22 of 1st period - Minor Penalty to Zach Hyman for Hooking.
18:23 of 1st period - Rem Pitlick wins face-off versus Andrei Svechnikov in SAN FRANCISCO SPIDERS zone.
18:24 of 1st period - Shot by Roman Josi.
18:24 of 1st period - Stopped by Malcolm Subban without a rebound.
18:25 of 1st period - Andrei Svechnikov wins face-off versus Rem Pitlick in SAN FRANCISCO SPIDERS zone.
18:39 of 1st period - Shot by Roman Josi.
18:39 of 1st period - Stopped by Malcolm Subban with a rebound.
18:41 of 1st period - Shot by Rem Pitlick.
18:41 of 1st period - Shot Blocked by Andrei Svechnikov.
18:43 of 1st period - Shot by Rem Pitlick.
18:43 of 1st period - Stopped by Malcolm Subban with a rebound.
18:45 of 1st period - Shot by David Savard.
18:45 of 1st period - Stopped by Malcolm Subban without a rebound.
18:46 of 1st period - Tyler Seguin wins face-off versus Kirby Dach in SAN FRANCISCO SPIDERS zone.
18:47 of 1st period - Shot by Tomas Tatar.
18:47 of 1st period - Shot Misses the Net.
18:49 of 1st period - Shot by Carl Hagelin.
18:49 of 1st period - Deflect By Tyler Seguin.
18:49 of 1st period - Shot Misses the Net.
18:51 of 1st period - Shot by Nikita Zaitsev.
18:51 of 1st period - Stopped by Malcolm Subban without a rebound.
18:52 of 1st period - Rem Pitlick wins face-off versus Kirby Dach in SAN FRANCISCO SPIDERS zone.
19:15 of 1st period - Shot by Roman Josi.
19:15 of 1st period - Stopped by Malcolm Subban with a rebound.
19:57 of 1st period - Shot by Tyler Seguin.
19:57 of 1st period - Stopped by Malcolm Subban without a rebound.
19:58 of 1st period - Andrei Svechnikov wins face-off versus Tyler Seguin in SAN FRANCISCO SPIDERS zone.
Goals for this period are 1 for SEATTLE GRUNGE vs 3 for SAN FRANCISCO SPIDERS.
Shots for this period are 15 for SEATTLE GRUNGE vs 13 for SAN FRANCISCO SPIDERS.

2nd period


0:01 of 2nd period - Tyler Seguin wins face-off versus Kirby Dach in neutral zone.
0:09 of 2nd period - Shot by Tomas Tatar.
0:09 of 2nd period - Stopped by Malcolm Subban with a rebound.
0:11 of 2nd period - Shot by Carl Hagelin.
0:11 of 2nd period - Deflect By Tyler Seguin.
0:11 of 2nd period - Shot Blocked by Mark Stone.
0:13 of 2nd period - Shot by Roman Josi.
0:13 of 2nd period - Shot Misses the Net.
0:15 of 2nd period - Shot by Tomas Tatar.
0:15 of 2nd period - Stopped by Malcolm Subban without a rebound.
0:16 of 2nd period - Rem Pitlick wins face-off versus Andrei Svechnikov in SAN FRANCISCO SPIDERS zone.
0:17 of 2nd period - Shot by Garnet Hathaway.
0:17 of 2nd period - Stopped by Malcolm Subban without a rebound.
0:18 of 2nd period - Tyler Seguin wins face-off versus Andrei Svechnikov in SAN FRANCISCO SPIDERS zone.
0:19 of 2nd period - Shot by Roman Josi.
0:19 of 2nd period - Stopped by Malcolm Subban without a rebound.
0:20 of 2nd period - Andrei Svechnikov wins face-off versus Tyler Seguin in SAN FRANCISCO SPIDERS zone.
0:33 of 2nd period - Shot by Kirby Dach.
0:33 of 2nd period - Stopped by Devan Dubnyk with a rebound.
0:35 of 2nd period - Shot by Erik Gudbranson.
0:35 of 2nd period - Stopped by Devan Dubnyk without a rebound.
0:36 of 2nd period - Bo Horvat wins face-off versus Tyler Seguin in SEATTLE GRUNGE zone.
1:07 of 2nd period - Shot by Bo Horvat.
1:07 of 2nd period - Stopped by Devan Dubnyk with a rebound.
1:09 of 2nd period - Shot by Bo Horvat.
1:09 of 2nd period - Stopped by Devan Dubnyk with a rebound.
1:51 of 2nd period - Shot by Trevor Moore.
1:51 of 2nd period - Stopped by Devan Dubnyk without a rebound.
1:52 of 2nd period - Zach Hyman wins face-off versus Rem Pitlick in SEATTLE GRUNGE zone.
2:30 of 2nd period - Shot by Alexander Kerfoot.
2:30 of 2nd period - Shot Misses the Net.
2:48 of 2nd period - Shot by Kirby Dach.
2:48 of 2nd period - Shot Blocked by Nikita Zaitsev.
2:50 of 2nd period - Shot by Trevor Moore.
2:50 of 2nd period - Shot Blocked by Danny DeKeyser.
2:52 of 2nd period - Shot by Jared McCann.
2:52 of 2nd period - Shot Misses the Net.
2:54 of 2nd period - Shot by Kirby Dach.
2:54 of 2nd period - Shot Misses the Net.
3:06 of 2nd period - Shot by Jared McCann.
3:06 of 2nd period - Stopped by Devan Dubnyk without a rebound.
3:07 of 2nd period - Bo Horvat wins face-off versus Warren Foegele in SEATTLE GRUNGE zone.
3:08 of 2nd period - Shot by Mark Stone.
3:08 of 2nd period - Stopped by Devan Dubnyk without a rebound.
3:09 of 2nd period - Bo Horvat wins face-off versus Riley Sheahan in SEATTLE GRUNGE zone.
3:14 of 2nd period - Shot by Mark Stone.
3:14 of 2nd period - Stopped by Devan Dubnyk without a rebound.
3:15 of 2nd period - Bo Horvat wins face-off versus Warren Foegele in SEATTLE GRUNGE zone.
3:23 of 2nd period - Minor Penalty to Sean Walker for Diving.
3:24 of 2nd period - Andrei Svechnikov wins face-off versus Tyler Seguin in SAN FRANCISCO SPIDERS zone.
3:43 of 2nd period - Shot by Tomas Tatar.
3:43 of 2nd period - Shot Misses the Net.
3:45 of 2nd period - Shot by Roman Josi.
3:45 of 2nd period - Stopped by Malcolm Subban without a rebound.
3:46 of 2nd period - Tyler Seguin wins face-off versus Andrei Svechnikov in SAN FRANCISCO SPIDERS zone.
3:47 of 2nd period - Shot by Roman Josi.
3:47 of 2nd period - Stopped by Malcolm Subban without a rebound.
3:48 of 2nd period - Rem Pitlick wins face-off versus Andrei Svechnikov in SAN FRANCISCO SPIDERS zone.
4:18 of 2nd period - Shot by David Savard.
4:18 of 2nd period - Shot Misses the Net.
4:20 of 2nd period - Shot by Jakub Vrana.
4:20 of 2nd period - Stopped by Malcolm Subban without a rebound.
4:21 of 2nd period - Tyler Seguin wins face-off versus Andrei Svechnikov in SAN FRANCISCO SPIDERS zone.
4:56 of 2nd period - Shot by Tyler Seguin.
4:56 of 2nd period - Stopped by Malcolm Subban without a rebound.
4:57 of 2nd period - Rem Pitlick wins face-off versus Andrei Svechnikov in SAN FRANCISCO SPIDERS zone.
4:57 of 2nd period - Rem Pitlick is hit by Michael Anderson.
6:00 of 2nd period - Shot by T.J. Tynan.
6:00 of 2nd period - Goal by T.J. Tynan - SEATTLE GRUNGE : 2 - SAN FRANCISCO SPIDERS : 3.
6:01 of 2nd period - Bo Horvat wins face-off versus Tyler Seguin in neutral zone.
6:27 of 2nd period - Off-side.
6:28 of 2nd period - Rem Pitlick wins face-off versus Zach Hyman in neutral zone.
6:45 of 2nd period - Shot by Garnet Hathaway.
6:45 of 2nd period - Shot Blocked by Viktor Arvidsson.
7:41 of 2nd period - Shot by Kyle Palmieri.
7:41 of 2nd period - Stopped by Malcolm Subban without a rebound.
7:42 of 2nd period - Riley Sheahan wins face-off versus Bo Horvat in SAN FRANCISCO SPIDERS zone.
7:42 of 2nd period - Morgan Geekie is hit by Brenden Dillon and loses puck.
8:53 of 2nd period - Shot by Jared McCann.
8:53 of 2nd period - Shot Blocked by Nicolas Meloche.
9:01 of 2nd period - Shot by Trevor Moore.
9:01 of 2nd period - Shot Misses the Net.
9:11 of 2nd period - Shot by Jared McCann.
9:11 of 2nd period - Stopped by Devan Dubnyk without a rebound.
9:12 of 2nd period - Tyler Seguin wins face-off versus Trent Frederic in SEATTLE GRUNGE zone.
9:23 of 2nd period - Shot by Kyle Palmieri.
9:23 of 2nd period - Deflect By Tyler Seguin.
9:23 of 2nd period - Stopped by Malcolm Subban without a rebound.
9:24 of 2nd period - Rem Pitlick wins face-off versus Zach Hyman in SAN FRANCISCO SPIDERS zone.
9:25 of 2nd period - Shot by Garnet Hathaway.
9:25 of 2nd period - Shot Blocked by Erik Gudbranson.
9:57 of 2nd period - Shot by Viktor Arvidsson.
9:57 of 2nd period - Shot Misses the Net.
10:37 of 2nd period - Shot by Andrei Svechnikov.
10:37 of 2nd period - Stopped by Devan Dubnyk without a rebound.
10:38 of 2nd period - Tyler Seguin wins face-off versus Jared McCann in SEATTLE GRUNGE zone.
10:38 of 2nd period - Roman Josi is hit by Kirby Dach and loses puck.
11:51 of 2nd period - Shot by Bo Horvat.
11:51 of 2nd period - Stopped by Devan Dubnyk with a rebound.
12:42 of 2nd period - Shot by Riley Sheahan.
12:42 of 2nd period - Stopped by Malcolm Subban with a rebound.
13:34 of 2nd period - Shot by Eeli Tolvanen.
13:34 of 2nd period - Shot Misses the Net.
14:16 of 2nd period - Shot by Mark Stone.
14:16 of 2nd period - Goal by Mark Stone - SEATTLE GRUNGE : 2 - SAN FRANCISCO SPIDERS : 4.
14:16 of 2nd period - Semyon Varlamov enters game.
14:17 of 2nd period - Tyler Seguin wins face-off versus Jared McCann in neutral zone.
14:20 of 2nd period - Shot by Kyle Palmieri.
14:20 of 2nd period - Stopped by Malcolm Subban with a rebound.
14:50 of 2nd period - Shot by Trevor Moore.
14:50 of 2nd period - Goal by Trevor Moore - SEATTLE GRUNGE : 2 - SAN FRANCISCO SPIDERS : 5.
14:51 of 2nd period - Riley Sheahan wins face-off versus Bo Horvat in neutral zone.
14:51 of 2nd period - Morgan Geekie is hit by Andrei Svechnikov and loses puck.
15:00 of 2nd period - Shot by Morgan Geekie.
15:00 of 2nd period - Shot Misses the Net.
15:05 of 2nd period - Carl Hagelin is hit by Brenden Dillon and loses puck.
15:18 of 2nd period - Shot by Carl Hagelin.
15:18 of 2nd period - Deflect By Morgan Geekie.
15:18 of 2nd period - Shot Blocked by Sean Walker.
16:29 of 2nd period - Shot by Tomas Tatar.
16:29 of 2nd period - Stopped by Malcolm Subban without a rebound.
16:30 of 2nd period - Rem Pitlick wins face-off versus Jared McCann in SAN FRANCISCO SPIDERS zone.
16:30 of 2nd period - Garnet Hathaway is hit by Sean Durzi.
16:35 of 2nd period - Jakub Vrana is hit by Michael Anderson.
16:56 of 2nd period - Shot by Trevor Moore.
16:56 of 2nd period - Shot Misses the Net.
17:52 of 2nd period - Shot by Tomas Tatar.
17:52 of 2nd period - Shot Blocked by Brenden Dillon.
17:54 of 2nd period - Shot by Travis Sanheim.
17:54 of 2nd period - Shot Blocked by Brenden Dillon.
17:56 of 2nd period - Shot by Nicolas Meloche.
17:56 of 2nd period - Shot Misses the Net.
18:10 of 2nd period - Shot by Tomas Tatar.
18:10 of 2nd period - Shot Blocked by Brenden Dillon.
18:32 of 2nd period - Icing by David Savard.
18:33 of 2nd period - Riley Sheahan wins face-off versus Viktor Arvidsson in SEATTLE GRUNGE zone.
18:51 of 2nd period - Shot by Carl Hagelin.
18:51 of 2nd period - Shot Misses the Net.
18:53 of 2nd period - Shot by Riley Sheahan.
18:53 of 2nd period - Shot Misses the Net.
19:39 of 2nd period - Shot by Warren Foegele.
19:39 of 2nd period - Shot Misses the Net.
19:41 of 2nd period - Shot by Warren Foegele.
19:41 of 2nd period - Deflect By T.J. Tynan.
19:41 of 2nd period - Goal by T.J. Tynan - SEATTLE GRUNGE : 3 - SAN FRANCISCO SPIDERS : 5.
19:42 of 2nd period - Tyler Seguin wins face-off versus Trent Frederic in neutral zone.
19:46 of 2nd period - Tomas Tatar is hit by Michael Anderson and loses puck.
Goals for this period are 2 for SEATTLE GRUNGE vs 2 for SAN FRANCISCO SPIDERS.
Shots for this period are 15 for SEATTLE GRUNGE vs 13 for SAN FRANCISCO SPIDERS.

3rd period


0:01 of 3rd period - Bo Horvat wins face-off versus Tyler Seguin in neutral zone.
0:09 of 3rd period - Mark Stone is hit by Roman Josi and loses puck.
0:30 of 3rd period - Shot by Mark Stone.
0:30 of 3rd period - Stopped by Semyon Varlamov with a rebound.
0:33 of 3rd period - Mark Stone is hit by David Savard and loses puck.
1:20 of 3rd period - Shot by Zach Hyman.
1:20 of 3rd period - Stopped by Semyon Varlamov with a rebound.
1:23 of 3rd period - Icing by Danny DeKeyser.
1:24 of 3rd period - Rem Pitlick wins face-off versus Jared McCann in SEATTLE GRUNGE zone.
1:24 of 3rd period - Rem Pitlick is hit by Trevor Moore.
2:14 of 3rd period - Icing by Jakub Vrana.
2:15 of 3rd period - Rem Pitlick wins face-off versus Viktor Arvidsson in SEATTLE GRUNGE zone.
2:33 of 3rd period - Viktor Arvidsson is hit by Morgan Geekie and loses puck.
3:21 of 3rd period - Minor Penalty to Andrei Svechnikov for Tripping.
3:22 of 3rd period - Tyler Seguin wins face-off versus Kirby Dach in SAN FRANCISCO SPIDERS zone.
3:27 of 3rd period - Shot by Tomas Tatar.
3:27 of 3rd period - Stopped by Malcolm Subban without a rebound.
3:28 of 3rd period - Kirby Dach wins face-off versus Tomas Tatar in SAN FRANCISCO SPIDERS zone.
3:34 of 3rd period - Icing by Carl Hagelin.
3:35 of 3rd period - Kirby Dach wins face-off versus Tyler Seguin in SEATTLE GRUNGE zone.
3:54 of 3rd period - Shot by Mark Stone.
3:54 of 3rd period - Shot Misses the Net.
3:56 of 3rd period - Shot by Mark Stone.
3:56 of 3rd period - Shot Misses the Net.
3:58 of 3rd period - Shot by Mark Stone.
3:58 of 3rd period - Shot Misses the Net.
4:00 of 3rd period - Shot by Michael Anderson.
4:00 of 3rd period - Stopped by Semyon Varlamov with a rebound.
4:02 of 3rd period - Shot by Mark Stone.
4:02 of 3rd period - Stopped by Semyon Varlamov without a rebound.
4:03 of 3rd period - Jakub Vrana wins face-off versus Kirby Dach in SEATTLE GRUNGE zone.
4:37 of 3rd period - Shot by Roman Josi.
4:37 of 3rd period - Stopped by Malcolm Subban without a rebound.
4:38 of 3rd period - Zach Hyman wins face-off versus Tyler Seguin in SAN FRANCISCO SPIDERS zone.
4:47 of 3rd period - Shot by Nikita Zaitsev.
4:47 of 3rd period - Shot Blocked by Adam Larsson.
4:49 of 3rd period - Shot by Nikita Zaitsev.
4:49 of 3rd period - Stopped by Malcolm Subban without a rebound.
4:50 of 3rd period - Zach Hyman wins face-off versus Tyler Seguin in SAN FRANCISCO SPIDERS zone.
4:50 of 3rd period - Zach Hyman is hit by Tyler Seguin.
5:04 of 3rd period - Shot by Tyler Seguin.
5:04 of 3rd period - Shot Misses the Net.
7:12 of 3rd period - Icing by Nikita Zaitsev.
7:13 of 3rd period - Warren Foegele wins face-off versus Jared McCann in SEATTLE GRUNGE zone.
7:26 of 3rd period - Shot by Kirby Dach.
7:26 of 3rd period - Stopped by Semyon Varlamov with a rebound.
7:34 of 3rd period - Shot by Jared McCann.
7:34 of 3rd period - Shot Misses the Net.
7:36 of 3rd period - Shot by Michael Anderson.
7:36 of 3rd period - Shot Misses the Net.
7:38 of 3rd period - Shot by Kirby Dach.
7:38 of 3rd period - Stopped by Semyon Varlamov without a rebound.
7:39 of 3rd period - Tyler Seguin wins face-off versus Trent Frederic in SEATTLE GRUNGE zone.
7:55 of 3rd period - Zack Kassian is hit by Roman Josi.
8:35 of 3rd period - Shot by Mark Stone.
8:35 of 3rd period - Shot Misses the Net.
8:41 of 3rd period - Shot by Mark Stone.
8:41 of 3rd period - Shot Blocked by David Savard.
8:51 of 3rd period - Shot by Mark Stone.
8:51 of 3rd period - Shot Blocked by Roman Josi.
8:53 of 3rd period - Shot by Mark Stone.
8:53 of 3rd period - Deflect By Bo Horvat.
8:53 of 3rd period - Shot Blocked by Roman Josi.
8:55 of 3rd period - Shot by Mark Stone.
8:55 of 3rd period - Stopped by Semyon Varlamov without a rebound.
8:56 of 3rd period - Zach Hyman wins face-off versus Garnet Hathaway in SEATTLE GRUNGE zone.
9:33 of 3rd period - Shot by Zach Hyman.
9:33 of 3rd period - Stopped by Semyon Varlamov with a rebound.
9:40 of 3rd period - Icing by Garnet Hathaway.
9:41 of 3rd period - Bo Horvat wins face-off versus Rem Pitlick in SEATTLE GRUNGE zone.
9:58 of 3rd period - Shot by Andrei Svechnikov.
9:58 of 3rd period - Shot Misses the Net.
10:15 of 3rd period - Minor Penalty to Riley Sheahan for Tripping.
10:16 of 3rd period - Zach Hyman wins face-off versus Milan Lucic in SEATTLE GRUNGE zone.
10:36 of 3rd period - Roman Josi is hit by Andrei Svechnikov and loses puck.
10:59 of 3rd period - Icing by Zach Hyman.
11:00 of 3rd period - Zach Hyman wins face-off versus Tyler Seguin in SAN FRANCISCO SPIDERS zone.
11:16 of 3rd period - Off-side.
11:17 of 3rd period - Tyler Seguin wins face-off versus Bo Horvat in neutral zone.
11:32 of 3rd period - Shot by Bo Horvat.
11:32 of 3rd period - Shot Misses the Net.
11:34 of 3rd period - Shot by Erik Gudbranson.
11:34 of 3rd period - Shot Misses the Net.
12:20 of 3rd period - Michael Anderson is hit by Morgan Geekie and loses puck.
13:00 of 3rd period - Zack Kassian is hit by Carl Hagelin and loses puck.
13:07 of 3rd period - Nicolas Meloche is hit by Trent Frederic and loses puck.
13:17 of 3rd period - Carl Hagelin is hit by Sean Durzi.
13:26 of 3rd period - Icing by Viktor Arvidsson.
13:27 of 3rd period - Zach Hyman wins face-off versus Tyler Seguin in SAN FRANCISCO SPIDERS zone.
13:45 of 3rd period - Roman Josi is hit by Alexander Kerfoot and loses puck.
14:18 of 3rd period - Shot by Andrei Svechnikov.
14:18 of 3rd period - Shot Hit the Post.
14:22 of 3rd period - Shot by Andrei Svechnikov.
14:22 of 3rd period - Deflect By Bo Horvat.
14:22 of 3rd period - Shot Misses the Net.
14:24 of 3rd period - Shot by Bo Horvat.
14:24 of 3rd period - Shot Misses the Net.
14:30 of 3rd period - Shot by Andrei Svechnikov.
14:30 of 3rd period - Stopped by Semyon Varlamov with a rebound.
15:03 of 3rd period - Minor Penalty to Trevor Moore for Boarding.
15:04 of 3rd period - Zach Hyman wins face-off versus Rem Pitlick in SAN FRANCISCO SPIDERS zone.
15:04 of 3rd period - Zach Hyman is hit by Garnet Hathaway.
15:43 of 3rd period - Shot by Garnet Hathaway.
15:43 of 3rd period - Shot Misses the Net.
16:09 of 3rd period - Icing by Travis Sanheim.
16:10 of 3rd period - Andrei Svechnikov wins face-off versus Carl Hagelin in SEATTLE GRUNGE zone.
16:14 of 3rd period - Bo Horvat is hit by Nicolas Meloche.
16:27 of 3rd period - Bo Horvat is hit by Nicolas Meloche and loses puck.
16:42 of 3rd period - Shot by Nicolas Meloche.
16:42 of 3rd period - Stopped by Malcolm Subban with a rebound.
17:29 of 3rd period - Shot by Zack Kassian.
17:29 of 3rd period - Stopped by Semyon Varlamov without a rebound.
17:30 of 3rd period - Zach Hyman wins face-off versus Tyler Seguin in SEATTLE GRUNGE zone.
17:31 of 3rd period - Shot by Viktor Arvidsson.
17:31 of 3rd period - Deflect By Zach Hyman.
17:31 of 3rd period - Stopped by Semyon Varlamov without a rebound.
17:32 of 3rd period - Tyler Seguin wins face-off versus Alexander Kerfoot in SEATTLE GRUNGE zone.
17:57 of 3rd period - Shot by Viktor Arvidsson.
17:57 of 3rd period - Shot Misses the Net.
17:59 of 3rd period - Shot by Alexander Kerfoot.
17:59 of 3rd period - Stopped by Semyon Varlamov without a rebound.
18:00 of 3rd period - Jared McCann wins face-off versus Rem Pitlick in SEATTLE GRUNGE zone.
18:00 of 3rd period - Jared McCann is hit by Nicolas Meloche.
18:09 of 3rd period - Kirby Dach is hit by Nicolas Meloche.
18:10 of 3rd period - Minor Penalty to Nicolas Meloche for Elbowing.
18:11 of 3rd period - Bo Horvat wins face-off versus Tyler Seguin in SEATTLE GRUNGE zone.
18:42 of 3rd period - Shot by Bo Horvat.
18:42 of 3rd period - Shot Misses the Net.
18:44 of 3rd period - Shot by Jared McCann.
18:44 of 3rd period - Stopped by Semyon Varlamov without a rebound.
18:45 of 3rd period - Trevor Moore wins face-off versus Tomas Tatar in SEATTLE GRUNGE zone.
18:45 of 3rd period - Trevor Moore is hit by Nikita Zaitsev.
18:56 of 3rd period - Trevor Moore is hit by Danny DeKeyser and loses puck.
19:14 of 3rd period - Trevor Moore is hit by Nikita Zaitsev and loses puck.
19:21 of 3rd period - Shot by Zach Hyman.
19:21 of 3rd period - Shot Blocked by Danny DeKeyser.
19:23 of 3rd period - Shot by Trevor Moore.
19:23 of 3rd period - Stopped by Semyon Varlamov without a rebound.
19:24 of 3rd period - Bo Horvat wins face-off versus Tyler Seguin in SEATTLE GRUNGE zone.
19:24 of 3rd period - Mark Stone is hit by David Savard and loses puck.
19:31 of 3rd period - Shot by Mark Stone.
19:31 of 3rd period - Stopped by Semyon Varlamov without a rebound.
19:32 of 3rd period - Bo Horvat wins face-off versus Tyler Seguin in SEATTLE GRUNGE zone.
19:51 of 3rd period - Shot by Jared McCann.
19:51 of 3rd period - Shot Blocked by Roman Josi.
Goals for this period are 0 for SEATTLE GRUNGE vs 0 for SAN FRANCISCO SPIDERS.
Shots for this period are 4 for SEATTLE GRUNGE vs 15 for SAN FRANCISCO SPIDERS.


AUSTON
MATTHEWS
JOEL
ERIKSSON
MATHEW
BARZAL

EAST COAST

HOCKEY LEAGUE

  • 21.PIT7MAN3
  • 22.ATL3NHW4
  • 23.WOR5PET4
  • 24.3RHI4
  • 25.QUECHI
  • 26.CHALIM
  • 27.TRVLON
  • 28.CHWBAL